 Dungeon Crawl Stone Soup version 0.25-a0-578-gc91f01c (webtiles) character file.

Game seed: 14051553956773781018, levelgen mode: deterministic

57963 robertstho the Protected (level 15, -5/122 HPs)
             Began as a Formicid Fighter on Mar 5, 2020.
             Was the Champion of Okawaru.
             Killed by divine providence
             ... invoked by an orc high priest
              (12 damage)
             ... on level 2 of the Orcish Mines.
             The game lasted 00:35:21 (19217 turns).

robertstho the Protected (Formicid Fighter)        Turns: 19217, Time: 00:35:22

Health: -5/122     AC: 18    Str: 33    XL:     15   Next: 28%
Magic:  23/23      EV: 11    Int: 14    God:    Okawaru [******]
Gold:   2002       SH: 15    Dex: 13    Spells: 14/14 levels left

rFire    . . .     SeeInvis +   v - +9 demon trident of Distraction {venom, rC+ Int+6}
rCold    + + .     Gourm    .   H - +1 kite shield {rC+}
rNeg     . . .     Faith    .   M - +3 chain mail "Ryqaann" {rElec Str+3}
rPois    +         Spirit   .   (helmet unavailable)
rElec    +         Reflect  .   (no cloak)
rCorr    .         Harm     .   (no gloves)
MR       +....                  R - +2 pair of boots {run}
Stlth    ..........             I - amulet of the acrobat
HPRegen  0.30/turn              C - ring of Qoidghis {*Corrode +Inv AC+3 Str+3 Dex+3}
MPRegen  0.18/turn              B - ring of poison resistance

@: mighty, corroded, very slightly contaminated, invisible, quick
A: permanent stasis, dig shafts and tunnels, four strong arms, antennae 3
a: Dig, Shaft Self, Heroism, Finesse, Renounce Religion


You were on level 2 of the Orcish Mines.
You worshipped Okawaru.
Okawaru was exalted by your worship.
You were not hungry.

You visited 4 branches of the dungeon, and saw 21 of its levels.
You also visited: Ossuary.

You collected 2002 gold pieces.

Inventory:

Hand Weapons
 v - the +9 demon trident of Distraction (weapon) {venom, rC+ Int+6}
   (Okawaru gifted it to you on level 4 of the Lair of Beasts)

   It poisons the flesh of those it strikes.
   It affects your intelligence (+6).
   It protects you from cold.
 y - a +2 vampiric halberd
Missiles
 F - 43 poisoned darts (quivered)
Armour
 i - a +0 tower shield
 H - a +1 kite shield of cold resistance (worn)
 M - the +3 chain mail "Ryqaann" (worn) {rElec Str+3}
   (Okawaru gifted it to you on level 1 of the Lair of Beasts)

   It affects your strength (+3).
   It insulates you from electricity.
   If you remove this armour, your AC will decrease by 16 (18 -> 2).
 O - a +2 cloak of poison resistance
 R - a +2 pair of boots of running (worn)
Jewellery
 c - an uncursed ring of ice
 d - an uncursed ring of positive energy
 g - an uncursed ring of ice
 B - a ring of poison resistance (right hand)
 C - the ring of Qoidghis (left hand) {*Corrode +Inv AC+3 Str+3 Dex+3}
   (You found it on level 10 of the Dungeon)

   [ring of protection]

   It affects your AC (+3).
   It affects your strength (+3).
   It affects your dexterity (+3).
   It lets you turn invisible.
   It may corrode you when you take damage.
 I - an amulet of the acrobat (around neck)
 N - a +3 ring of evasion
Wands
 r - a wand of paralysis (19)
 D - a wand of iceblast (4)
 U - a wand of acid (7)
Scrolls
 a - 4 scrolls of immolation
 e - 2 scrolls of enchant armour {unknown}
 j - 18 scrolls of remove curse
 l - 5 scrolls of teleportation
 n - 3 scrolls of magic mapping {unknown}
 q - 5 scrolls of enchant weapon {unknown}
 s - 5 scrolls of amnesia
 t - 2 scrolls of fog {unknown}
 w - 2 scrolls of fear {unknown}
 L - a scroll of brand weapon {unknown}
 P - 2 scrolls of identify
 Q - a scroll of summoning {unknown}
 T - a scroll of random uselessness {unknown}
Potions
 b - a potion of resistance
 h - 4 potions of brilliance
 k - a potion of mutation
 m - 5 potions of stabbing
 o - 3 potions of degeneration {unknown}
 p - 4 potions of flight {unknown}
 u - 6 potions of lignification {unknown}
 x - 5 potions of heal wounds
 z - 5 potions of curing
 A - a potion of magic {unknown}
 E - 2 potions of might
 G - a potion of berserk rage {unknown}
 J - 2 potions of cancellation {unknown}
 W - a potion of ambrosia
Miscellaneous
 V - a lightning rod (4/4)
Comestibles
 f - 40 rations


   Skills:
 * Level 12.8 Fighting
   Level 5.0(9.9) Axes
 + Level 12.8(13.2) Polearms
 * Level 12.9 Armour
 + Level 3.5 Dodging
 - Level 1.2 Stealth
 + Level 12.7 Shields
 * Level 10.9 Invocations
 + Level 1.1 Evocations


You had 14 spell levels left.
You didn't know any spells.
Your spell library contained the following spells:

 Spells                   Type           Power        Failure   Level  Hunger
 Animate Skeleton         Necr           N/A          65%         1    ##.....
 Apportation              Tloc           #.....       65%         1    ##.....
 Corona                   Hex            #......      65%         1    ##.....
 Summon Small Mammal      Summ           #...         65%         1    ##.....
 Frozen Ramparts          Ice            #.....       95%         3    ####...
 Recall                   Summ/Tloc      N/A          95%         3    ####...
 Summon Ice Beast         Ice/Summ       #.......     100%        4    #####..
 Aura of Abjuration       Summ           #.........   100%        5    ######.
 Summon Demon             Summ           #.........   100%        5    ######.
 Summon Forest            Summ/Tloc      #.........   100%        5    ######.
 Summon Mana Viper        Hex/Summ       #.......     100%        5    ######.
 Shadow Creatures         Summ           N/A          100%        6    #######
 Statue Form              Tmut/Erth      #........    100%        6    #######


Dungeon Overview and Level Annotations

Branches:
Dungeon (12/15)            Temple (1/1) D:5            Lair (6/6) D:9
 Shoals (0/4) Lair:2       Spider (0/4) Lair:4        Slime (0/5) Lair:5
    Orc (2/2) D:9         Ossuary (visited)
    Elf: Orc:2

Altars:
Ashenzari
Dithmenos
Elyvilon
Fedhas
Gozag
Hepliaklqana
Kikubaaqudgha
Makhleb
Nemelex Xobeh
Okawaru
Ru
Sif Muna
Trog
Uskayaw
Xom
Yredelemnul
Zin
The Shining One
Jiyva

Shops:
D:4 *

Portals:
Trove: D:11 (give +2 gold dragon scales)

Annotations:
D:9 exclusion: orange crystal statue
D:11 1 runed translucent door, robertstho's ghost, journeyman TrFi
Lair:2 exclusion: oklob plant


Innate Abilities, Weirdness & Mutations

You cannot be hasted, slowed, berserked, paralysed or teleported.
You can dig through walls and to a lower floor.
Your four strong arms can wield two-handed weapons with a shield.
You have a pair of large antennae on your head. (SInv)


Message History

The sixfirhy hits you but does no damage.
The orc sorcerer shouts, "You are history!"
The sixfirhy barely misses you.
You closely miss the orc warrior.
The orc knight shouts!
The orc warrior shouts!
The orc shouts!
The sixfirhy closely misses you. You block the sixfirhy's attack.
The orc sorcerer casts a spell.
The orc knight hits you with a +0 battleaxe!!
* * * LOW HITPOINT WARNING * * *
The orc warrior barely misses you.
The orc priest hits you but does no damage.
You hear a shout!
You closely miss the orc warrior.
The orc knight shouts!
The orc shouts!
You block the sixfirhy's attack. The sixfirhy closely misses you.
An orc priest comes into view. It is wielding a +0 club.
The orc sorcerer gestures wildly while chanting.
The orc high priest invokes the aid of Beogh against you.
Beogh smites you!
You die... ####......... .# ##.......oo3. ## ##.#....ooo.{{ # ## .#...{ooooo{ { {.## .## #######ooo {..## ..# #ooo

.o..## ..#
###oo.#######o....#
..###
#...oo3333o4o......
....#
#....o@ooo44o......
....#
#....#########.....
....# #... ...
..### #.. . ### ##
#.## ...# #.## ###


You could see an orc warlord, 2 orc knights, an orc high priest, 2 orange
demons, an ice devil, 4 sixfirhies, a neqoxec, 4 orc sorcerers, 5 orc warriors,
4 orc priests, 5 orc wizards and 5 orcs.

Vanquished Creatures
  Rupert (Orc:2)
  Gastronok (D:11)
  8 hydras
  Fannar (Lair:3)
  Harold (D:8)
  4 two-headed ogres
  A catoblepas (Lair:6)
  A deep troll shaman (Lair:6)
  4 death yaks (Lair:6)
  2 orc high priests
  Urug (D:11)
  2 lindwurms
  Pikel (D:5)
  An orc sorcerer (Orc:1)
  8 elephants (Lair:6)
  A manticore (D:12)
  Maurice (Orc:2)
  5 black mambas
  A merfolk siren (Lair:2)
  A cyclops (D:10)
  12 spiny frogs
  6 komodo dragons
  A polar bear (Lair:6)
  3 trolls
  A merfolk (Lair:2)
  Grinder (D:5)
  13 blink frogs
  8 dream sheep
  6 hippogriffs
  A shadow (D:11)
  A meliai zombie (D:11)
  A human (D:9)
  Eustachio (D:5)
  A wyvern (Lair:4)
  A basilisk (Lair:6)
  31 yaks
  A fire elemental (Lair:6)
  5 vampire mosquitoes
  2 hungry ghosts (D:10)
  4 wargs
  Menkaure (D:6)
  2 insubstantial wisps (Lair:5)
  17 water moccasins
  5 porcupines
  18 orc warriors
  5 ice beasts
  A slave (D:5)
  4 black bears
  A phantom (D:10)
  22 wolves
  10 ogres
  6 centaurs
  13 crocodiles
  11 bullfrogs
  2 wyvern skeletons (D:11)
  2 water moccasin skeletons
  7 scorpions
  7 killer bees
  4 wights (D:11)
  4 howler monkeys
  7 crimson imps
  A bullfrog zombie (D:11)
  A lava snake (Lair:6)
  10 hounds
  3 quasits
  7 jellies
  A bullfrog skeleton (D:7)
  A centaur zombie (D:7)
  24 orc priests
  26 orc wizards
  2 iguanas
  10 worker ants
  A killer bee zombie (D:10)
  2 big kobold zombies (Ossuary)
  A hound skeleton (D:9)
  4 mummies
  14 gnolls
  A worker ant zombie (D:7)
  13 adders
  5 shadow imps
  8 oozes
  5 adder zombies
  4 adder skeletons
  2 worms (D:3)
  3 dart slugs
  7 leopard geckos
  83 orcs
  3 ball pythons
  7 giant cockroaches
  8 goblins
  4 hobgoblins (D:3)
  18 jackals
  5 quokkas
  9 bats
  6 frilled lizards
  3 goblin zombies (Ossuary)
  3 hobgoblin zombies (Ossuary)
  A jackal skeleton (D:4)
  A jackal zombie (D:7)
  5 kobolds
  A kobold zombie (Ossuary)
  An orc zombie (Ossuary)
  A quokka skeleton (D:5)
  4 quokka zombies (Ossuary)
  7 rats
  2 rat zombies (Ossuary)
  A plant (Lair:5)
624 creatures vanquished.

Vanquished Creatures (others)
  3 orcs (D:9)
  3 fungi
  5 plants (D:11)
11 creatures vanquished.

Grand Total: 635 creatures vanquished

Notes
Turn   | Place    | Note
-------+----------+-------------------------------------------
     0 | D:1      | robertstho the Formicid Fighter began the quest for the
                  | Orb.
     0 | D:1      | Reached XP level 1. HP: 18/18 MP: 1/1
    99 | D:1      | Reached XP level 2. HP: 19/24 MP: 2/2
   266 | D:1      | Reached XP level 3. HP: 22/30 MP: 3/3
   736 | D:2      | Reached XP level 4. HP: 37/37 MP: 4/4
  1139 | D:2      | Reached XP level 5. HP: 37/42 MP: 5/5
  1414 | D:2      | Found a burning altar of Makhleb.
  1515 | D:3      | Reached skill level 1 in Dodging
  1539 | D:3      | Found a shadowy altar of Dithmenos.
  1540 | D:3      | Found a sacrificial altar of Ru.
  1542 | D:3      | Found an opulent altar of Gozag.
  1543 | D:3      | Found a basalt altar of Yredelemnul.
  1545 | D:3      | Found a glowing silver altar of Zin.
  1545 | D:3      | Found an ancient bone altar of Kikubaaqudgha.
  1546 | D:3      | Found a shattered altar of Ashenzari.
  1962 | D:3      | Reached XP level 6. HP: 39/49 MP: 6/6
  2102 | D:3      | Found a burning altar of Makhleb.
  2427 | D:4      | Found Comyniyq's Assorted Antiques.
  2736 | D:4      | Noticed an ice beast
  2748 | D:4      | Killed an ice beast
  2748 | D:4      | Reached skill level 1 in Stealth
  2748 | D:4      | Reached XP level 7. HP: 34/55 MP: 7/7
  2803 | D:4      | Reached skill level 5 in Fighting
  2803 | D:4      | Reached skill level 5 in Armour
  3135 | D:3      | HP: 2/56 [ogre/+0 giant club (2)]
  3492 | D:4      | Reached skill level 5 in Shields
  3509 | D:4      | Reached XP level 8. HP: 32/62 MP: 8/8
  3885 | D:4      | Reached skill level 5 in Axes
  4057 | D:5      | Entered Level 5 of the Dungeon
  4242 | D:5      | Reached skill level 1 in Polearms
  4243 | D:5      | Noticed Eustachio
  4255 | D:5      | Killed Eustachio
  4374 | D:5      | Identified the Papyrus of Dusty Snow
  4378 | D:5      | Noticed Pikel
  4401 | D:5      | Killed Pikel
  4401 | D:5      | Reached XP level 9. HP: 43/71 MP: 9/9
  4409 | D:5      | Noticed Grinder
  4788 | D:5      | Found a blossoming altar of Fedhas.
  4849 | D:5      | Killed Grinder
  4893 | D:5      | Found a staircase to the Ecumenical Temple.
  4904 | Temple   | Entered the Ecumenical Temple
  4916 | Temple   | Became a worshipper of Warmaster Okawaru
  5146 | D:6      | Reached skill level 1 in Invocations
  5164 | D:6      | Noticed Menkaure
  5169 | D:6      | Killed Menkaure
  5169 | D:6      | Reached skill level 5 in Polearms
  5427 | D:6      | Found a white marble altar of Elyvilon.
  5430 | D:6      | Found a glowing golden altar of the Shining One.
  5433 | D:6      | Found a hazy altar of Hepliaklqana.
  5436 | D:6      | Found a sparkling altar of Nemelex Xobeh.
  5553 | D:6      | Reached XP level 10. HP: 78/79 MP: 12/12
  5782 | D:7      | Reached * piety under Okawaru
  6537 | D:8      | Noticed Harold
  6570 | D:8      | Killed Harold
  6570 | D:8      | Reached ** piety under Okawaru
  6667 | D:8      | Found a sand-covered staircase.
  6678 | Ossuary  | Entered an ossuary
  6856 | Ossuary  | Reached skill level 5 in Invocations
  7028 | D:8      | Noticed a two-headed ogre
  7040 | D:8      | Killed a two-headed ogre
  7040 | D:8      | Reached *** piety under Okawaru
  7040 | D:8      | Reached XP level 11. HP: 59/86 MP: 13/15
  7568 | D:9      | Reached **** piety under Okawaru
  7621 | D:9      | Found a staircase to the Orcish Mines.
  7880 | D:9      | Noticed an orange crystal statue
  8075 | D:9      | Found a staircase to the Lair.
  8362 | D:9      | Found a viscous altar of Jiyva.
  8512 | D:10     | Entered Level 10 of the Dungeon
  8821 | D:10     | Noticed a two-headed ogre
  8827 | D:10     | Killed a two-headed ogre
  9026 | D:10     | Reached ***** piety under Okawaru
  9252 | D:10     | Noticed a cyclops
  9285 | D:10     | Killed a cyclops
  9352 | D:10     | Got a scorched marble ring
  9354 | D:10     | Identified the ring of Qoidghis {*Corrode +Inv AC+3 Str+3
                  | Dex+3} (You found it on level 10 of the Dungeon)
  9488 | D:10     | Noticed a two-headed ogre
  9501 | D:10     | Killed a two-headed ogre
  9501 | D:10     | Received a gift from Okawaru
 10049 | D:11     | Noticed Gastronok
 10064 | D:11     | Killed Gastronok
 10064 | D:11     | Reached skill level 10 in Armour
 10064 | D:11     | Reached skill level 10 in Shields
 10064 | D:11     | Reached XP level 12. HP: 87/97 MP: 15/17
 10132 | D:11     | Found a portal to a secret trove of treasure.
 10568 | D:11     | Noticed Urug
 10591 | D:11     | Killed Urug
 10608 | D:11     | Noticed a two-headed ogre
 10620 | D:11     | Killed a two-headed ogre
 10620 | D:11     | Reached skill level 10 in Fighting
 11250 | D:11     | Found a runed translucent door.
 11252 | D:11     | Noticed robertstho's ghost (journeyman TrFi)
 11253 | D:11     | Identified the cursed +1 trident "Ticag" {freeze, *Contam
                  | Int+9}
 11755 | Lair:1   | Entered Level 1 of the Lair of Beasts
 12071 | Lair:1   | Received a gift from Okawaru
 12082 | Lair:1   | Got an ancient chain mail {god gift}
 12093 | Lair:1   | Identified the +3 chain mail "Ryqaann" {rElec Str+3}
                  | (Okawaru gifted it to you on level 1 of the Lair of Beasts)
 12127 | Lair:1   | Noticed a seven-headed hydra
 12158 | Lair:1   | Killed a 19-headed hydra
 12516 | Lair:1   | Reached XP level 13. HP: 95/104 MP: 19/19
 12820 | Lair:2   | Reached skill level 10 in Polearms
 12973 | Lair:2   | Found a hazy altar of Hepliaklqana.
 13045 | Lair:2   | Noticed a seven-headed hydra
 13056 | Lair:2   | Killed a 12-headed hydra
 13100 | Lair:2   | Noticed an eight-headed hydra
 13111 | Lair:2   | Killed a 13-headed hydra
 13641 | Lair:2   | Found a staircase to the Shoals.
 14152 | Lair:3   | Noticed Fannar
 14169 | Lair:3   | Killed Fannar
 14526 | Lair:4   | Identified a +2 pair of boots of running (You found it on
                  | level 4 of the Lair of Beasts)
 14698 | Lair:4   | Noticed a six-headed hydra
 14706 | Lair:4   | Killed a seven-headed hydra
 14706 | Lair:4   | Reached skill level 1 in Evocations
 14711 | Lair:4   | Received a gift from Okawaru
 14714 | Lair:4   | Got a translucent demon trident {god gift}
 14715 | Lair:4   | Identified the +9 demon trident of Distraction {venom, rC+
                  | Int+6} (Okawaru gifted it to you on level 4 of the Lair of
                  | Beasts)
 14963 | Lair:4   | Found a hole to the Spider Nest.
 15779 | Lair:5   | Reached XP level 14. HP: 104/113 MP: 21/21
 16014 | Lair:5   | Found a viscous altar of Jiyva.
 16015 | Lair:5   | Found a staircase to the Slime Pits.
 16102 | Lair:6   | Entered Level 6 of the Lair of Beasts
 16108 | Lair:6   | Reached ****** piety under Okawaru
 16212 | Lair:6   | Received a gift from Okawaru
 16541 | Lair:6   | Reached skill level 10 in Invocations
 17362 | Lair:6   | Reached XP level 15. HP: 83/122 MP: 22/22
 17755 | Orc:1    | Entered Level 1 of the Orcish Mines
 18197 | Orc:2    | Entered Level 2 of the Orcish Mines
 18261 | Orc:2    | Noticed Rupert
 18267 | Orc:2    | Noticed Maurice
 18277 | Orc:2    | Killed Rupert
 18286 | Orc:2    | Killed Maurice
 19204 | Orc:2    | Noticed an orc warlord
 19216 | Orc:2    | HP: 6/122 [orc knight/+0 battleaxe (24)]
 19217 | Orc:2    | Killed from afar by an orc high priest

Levels and vault maps discovered:
D:1:      dpeg_arrival_tiny_i, layout_basic, kennysheep_flooded_box
D:2:      layout_basic, lemuel_coloured_pillars_altar, first_ration,
          serial_glass, glass_columns_a, glass_columns_a,
          chequers_serial_rivers_room_b, minmay_tetromino_i4
D:3:      layout_loops_ring, grunt_temple_overflow_open,
          makhleb_blood_cavern_becter
D:4:      layout_loops_ring, serial_shops, nicolae_shop_overgrown_old_shop
D:5:      layout_basic, fedhas_altar_fruit_tree,
          minmay_temple_entry_enclosed_plants, uniq_grinder, uniq_eustachio,
          uniq_pikel
D:6:      layout_basic, grunt_temple_overflow_cloverleaf, uniq_menkaure
D:7:      layout_cave_pods
D:8:      layout_basic, gup_ossuary_entry_pyramid, uniq_harold
D:9:      layout_loops_ring, lair_entry_dummy, erik_orc_4,
          hangedman_little_slice_of_home, minivault_16,
          hangedman_decor_clover_reticule
D:10:     layout_irregular_city, fountainhead
D:11:     layout_loops_ring, ebering_ghost_funeral_grove,
          trove_entry_hex_spiral, uniq_urug, uniq_gastronok
D:12:     layout_loops_ring, serial_shops, kennysheep_mini, uniq_nergalle
Temple:   compressed_dpeg_triangle_lava_temple
Lair:1:   layout_cave_pods, lemuel_fruit_fields
Lair:2:   layout_regular_city, elwin_shoals_entry_rooms, basic_altar,
          minmay_lair_oklob_items
Lair:3:   layout_misc_corridors, st_stairs_9, lemuel_fruit_tree, uniq_fannar
Lair:4:   layout_hall_layers, spider_nest_entry_web_field, st_stairs_5,
          minivault_26, serial_bayou_shore_b
Lair:5:   layout_misc_corridors, dpeg_slime_entry_enclosed_altar, st_stairs_7,
          pond
Lair:6:   grunt_lair_end_beastmaster, layout_gridlike, serial_bayou_pond_c,
          grunt_megastairs_3
Orc:1:    layout_diamond_mine
Orc:2:    st_orc_congregation, layout_diamond_mine,
          portal_ice_cave_entry_pillars_1, uniq_maurice, uniq_rupert

Skill      XL: |  1  2  3  4  5  6  7  8  9 10 11 12 13 14 |
---------------+-------------------------------------------+-----
Armour         | 4 5 6 7 8 10 11 12 | 12.9
Fighting       | 4 5 6 7 8 9 10 11 12 | 12.8
Axes           | 3 4 5 |  5.0
Shields        | 4 5 6 8 10 11 12 | 12.7
Dodging        | 1 2 3 |  3.5
Stealth        | 1 |  1.2
Polearms       | 4 5 6 8 9 11 12 | 12.8
Invocations    | 3 5 6 8 9 10 | 10.9
Evocations     | 1 |  1.1

Action                   |  1- 3 |  4- 6 |  7- 9 | 10-12 | 13-15 || total
-------------------------+-------+-------+-------+-------+-------++-------
Melee: War axe           |    73 |   240 |   117 |       |       ||   430
       Halberd           |       |       |   200 |  1054 |   333 ||  1587
       Demon trident     |       |       |       |       |   624 ||   624
Invok: Heroism           |       |       |       |    12 |     3 ||    15
       Finesse           |       |       |       |     1 |       ||     1
 Abil: Dig               |       |       |       |       |     1 ||     1
Evoke: Wand              |       |       |       |     5 |    15 ||    20
  Use: Scroll            |       |     3 |     1 |     6 |     5 ||    15
       Potion            |       |       |     2 |     8 |     4 ||    14
 Stab: Invisible         |       |       |       |     9 |     1 ||    10
       Paralysed         |       |       |       |       |    13 ||    13
       Petrified         |       |       |       |       |     9 ||     9
       Petrifying        |       |       |       |       |     1 ||     1
  Eat: Chunk             |       |     6 |     9 |    28 |    20 ||    63
       Ration            |       |       |       |     2 |     1 ||     3
Armor: Scale mail        |    41 |   106 |    80 |    18 |       ||   245
       Plate armour      |       |       |       |   382 |       ||   382
       Chain mail        |       |       |       |    60 |   328 ||   388
Dodge: Dodged            |    20 |    82 |    79 |   280 |   306 ||   767
Block: Kite shield       |    60 |    54 |       |   241 |   622 ||   977
       Tower shield      |       |   139 |   239 |   784 |       ||  1162

Table legend:
 A = Non-vault XP
 B = Vault XP
 C = Vault XP percentage of total XP
 D = Non-vault monster count
 E = Vault monster count
 F = Vault count percentage of total count
                 A         B        C        D         E       F
            +---------+---------+-------+---------+---------+-------
      Total |   58498 |   24307 |  29.4 |     512 |     110 |  17.7
            +---------+---------+-------+---------+---------+-------
        D:1 |      53 |       0 |   0.0 |      20 |       0 |   0.0
        D:2 |     104 |       4 |   3.7 |      30 |       3 |   9.1
        D:3 |     284 |      45 |  13.7 |      36 |       1 |   2.7
        D:4 |     653 |       0 |   0.0 |      27 |       0 |   0.0
        D:5 |     631 |    1102 |  63.6 |      19 |       3 |  13.6
        D:6 |     875 |     169 |  16.2 |      23 |       1 |   4.2
        D:7 |    1058 |       0 |   0.0 |      32 |       0 |   0.0
        D:8 |    2354 |     957 |  28.9 |      27 |       2 |   6.9
        D:9 |    1387 |     834 |  37.6 |      30 |      22 |  42.3
       D:10 |    4644 |       0 |   0.0 |      36 |       0 |   0.0
       D:11 |    4206 |    2975 |  41.4 |      28 |       2 |   6.7
       D:12 |     510 |       0 |   0.0 |       1 |       0 |   0.0
     Lair:1 |    4202 |       0 |   0.0 |      14 |       0 |   0.0
     Lair:2 |    6072 |     747 |  11.0 |      22 |       2 |   8.3
     Lair:3 |    2521 |    1577 |  38.5 |      14 |       3 |  17.6
     Lair:4 |    4478 |     142 |   3.1 |      18 |       1 |   5.3
     Lair:5 |    6490 |    1666 |  20.4 |      24 |       7 |  22.6
     Lair:6 |   13294 |    9163 |  40.8 |      45 |      20 |  30.8
      Orc:1 |    3323 |      41 |   1.2 |      43 |       1 |   2.3
      Orc:2 |    1359 |    4749 |  77.8 |      23 |      21 |  47.7
    Ossuary |       0 |     136 | 100.0 |       0 |      21 | 100.0
            +---------+---------+-------+---------+---------+-------
